 Dungeon Crawl Stone Soup version 0.27-a0-789-g6bb3289e1e (webtiles) character file.

Game seed: 18287187672097262788

1118 dolemite99 the Spear-Bearer (level 8, -14/61 HPs)
             Began as a Black Draconian Gladiator on Mar 26, 2021.
             Was a Follower of Dithmenos.
             Killed from afar by a gargoyle (16 damage)
             ... with a stone arrow
             ... on level 7 of the Dungeon.
             The game lasted 00:07:48 (6609 turns).

dolemite99 the Spear-Bearer (DrGl)                  Turns: 6609, Time: 00:07:49

Health: -14/61     AC:  7    Str: 17    XL:     8   Next: 12%
Magic:  8/8        EV: 12    Int:  8    God:    Dithmenos [*.....]
Gold:   251        SH:  0    Dex: 15    Spells: 7/7 levels left

rFire    . . .     SeeInvis .   a - +0 trident
rCold    . . .     Faith    .   (no shield)
rNeg     . . .     Spirit   .   (armour unavailable)
rPois    .         Reflect  .   b - +0 hat
rElec    +         Harm     .   (no cloak)
rCorr    .         Rampage  .   (no gloves)
Will     .....                  w - +0 pair of boots
Stlth    ++........             s - amulet of regeneration
HPRegen  1.20/turn              p - +4 ring of slaying
MPRegen  0.11/turn              (no ring)

@: wreathed by umbra
A: breathe lightning, AC +6, unfitting armour, electricity resistance,
cold-blooded
a: Breathe Lightning, Renounce Religion


You were on level 7 of the Dungeon.
You worshipped Dithmenos.
Dithmenos was aware of your devotion.
You visited 1 branch of the dungeon, and saw 8 of its levels.

You collected 251 gold pieces.

Inventory:

Hand Weapons
 a - a +0 trident (weapon)
 d - a +0 dagger of venom
 v - a +0 hunting sling
Missiles
 c - 3 throwing nets (quivered)
 i - 136 stones
 j - 16 boomerangs
 m - 20 sling bullets
 n - 72 arrows
 q - 52 bolts
Armour
 b - a +0 hat (worn)
 t - a scarf of harm
 w - a +0 pair of boots (worn)
Magical Staves
 f - a staff of fire
Jewellery
 l - a +6 ring of strength
 p - a +4 ring of slaying (right hand)
 s - an amulet of regeneration (around neck)
 x - a ring of poison resistance
Wands
 k - a wand of flame (1)
 z - a wand of charming (5)
Scrolls
 g - 3 scrolls of amnesia
 h - a scroll of teleportation
 o - 2 scrolls of noise
 r - a scroll of magic mapping
Potions
 e - a potion of cancellation
 u - a potion of attraction
 B - a potion of ambrosia


   Skills:
 - Level 2.1 Fighting
 + Level 9.4 Polearms
 - Level 1.7 Throwing
 - Level 2.6 Dodging
 - Level 3.4 Evocations


You had 7 spell levels left.
You didn't know any spells.
Your spell library contained the following spells:

 Spells                   Type           Power      Damage    Failure   Level
 Magic Dart               Conj           0%         1d3       41%         1
 Searing Ray              Conj           0%         3d3       54%         2
 Dazzling Flash           Conj/Hex       0%         N/A       78%         3
 Fulminant Prism          Conj/Hex       0%         3d6       99%         4
 Iskenderun's Mystic Bla  Conj/Tloc      0%         2d3       99%         4


Dungeon Overview and Level Annotations

Branches:
Dungeon (8/15)             Temple (0/1) D:5
   Lair: D:8-11

Altars:
Dithmenos
Fedhas
Gozag
Okawaru
Sif Muna
Vehumet
Wu Jian
The Shining One

Shops:
D:8 ?

Annotations:
D:6 Dowan, Duvessa, Maggie


Innate Abilities, Weirdness & Mutations

You can breathe wild blasts of lightning.
Your glossy black scales are hard. (AC +6)
You cannot fit into any form of body armour.
You are resistant to electric shocks. (rElec)
You are cold-blooded and may be slowed by cold attacks.


Message History

The gargoyle is lightly damaged.
The gargoyle hits you with a +0 mace.
You hit the gargoyle.
The gargoyle is lightly damaged.
The gargoyle hits you with a +0 mace!!
You hit the gargoyle but do no damage.
The gargoyle is lightly damaged.
You hit the gargoyle but do no damage.
The gargoyle is lightly damaged.
The gargoyle hits you with a +0 mace.
You hit the gargoyle.
The gargoyle is moderately damaged.
The gargoyle closely misses you.
You hit the gargoyle but do no damage.
You tail-slap the gargoyle, but do no damage.
The gargoyle is moderately damaged.
The gargoyle hits you but does no damage.
You hit the gargoyle. You tail-slap the gargoyle.
The gargoyle is severely damaged.
The gargoyle hurls a stone arrow at you.
The stone arrow hits you!!
You barely miss the gargoyle.
The gargoyle is severely damaged.
The gargoyle hits you with a +0 mace!
* * * LOW HITPOINT WARNING * * *
You barely miss the gargoyle.
The gargoyle is severely damaged.
You hit the gargoyle but do no damage.
The gargoyle is severely damaged.
The gargoyle barely misses you.
You feel better.
The gargoyle hurls a stone arrow at you.
The stone arrow hits you!
* * * LOW HITPOINT WARNING * * *
You hit the gargoyle but do no damage.
You tail-slap the gargoyle, but do no damage.
The gargoyle is severely damaged.
The gargoyle hurls a stone arrow at you.
The stone arrow hits you!
You die...

# ##.)))...##...#..#
## ##.)...########.#
.#####...#.......#.#
.....(..##.#####.#.#
.#####KK##.#####.#.#
###.....K.....##.#†#
###.##..##)##)##.#.#
.........#....)).#.#
###.#.....###..)@9.#
#.##...## ########
###.###.## ....# ###
#####


You could see a gargoyle.

Vanquished Creatures
  A black bear (D:7)
  A sky beast (D:7)
  2 kobold brigands (D:7)
  A bullfrog (D:7)
  3 centaur zombies
  A bullfrog zombie (D:5)
  3 hounds
  A centaur skeleton (D:6)
  4 orc wizards
  A killer bee zombie (D:7)
  4 adders
  A howler monkey skeleton (D:6)
  A shadow imp (D:6)
  A white imp (D:6)
  An ufetubus (D:5)
  A worm (D:3)
  2 dart slugs
  2 orcs
  4 ball pythons
  5 endoplasms
  A giant cockroach (D:3)
  7 goblins
  5 hobgoblins
  4 jackals (D:3)
  12 kobolds
  2 bats (D:1)
  5 frilled lizards
  8 rats
84 creatures vanquished.

Vanquished Creatures (collateral kills)
  Eustachio (D:6)
  An ice beast (D:5)
  A phantom (D:5)
  A rat (D:6)
4 creatures vanquished.

Grand Total: 88 creatures vanquished

Notes
Turn   | Place    | Note
-------+----------+-------------------------------------------
     0 | D:1      | dolemite99 the Draconian Gladiator began the quest for the
                  | Orb.
     0 | D:1      | Reached XP level 1. HP: 17/17 MP: 1/1
   702 | D:1      | Reached XP level 2. HP: 24/24 MP: 2/2
  1299 | D:2      | Reached skill level 4 in Polearms
  1534 | D:2      | Found a radiant altar of Vehumet.
  1854 | D:2      | Found a shadowy altar of Dithmenos.
  1862 | D:2      | Became a worshipper of Dithmenos the Shadowed
  1986 | D:3      | Found a shimmering blue altar of Sif Muna.
  2152 | D:3      | Reached skill level 1 in Evocations
  2152 | D:3      | Reached XP level 3. HP: 28/29 MP: 3/3
  2271 | D:3      | Found an iron altar of Okawaru.
  2450 | D:3      | Reached XP level 4. HP: 29/36 MP: 4/4
  2642 | D:3      | Found an ornate altar of the Wu Jian Council.
  2661 | D:3      | Found a blossoming altar of Fedhas.
  3236 | D:3      | Found a glowing golden altar of the Shining One.
  3759 | D:4      | Reached XP level 5. HP: 39/41 MP: 5/5
  4241 | D:5      | Entered Level 5 of the Dungeon
  4283 | D:5      | Reached skill level 5 in Polearms
  4297 | D:5      | Found a staircase to the Ecumenical Temple.
  4322 | D:5      | Found an opulent altar of Gozag.
  4575 | D:5      | Reached XP level 6. HP: 48/48 MP: 6/6
  4798 | D:5      | Noticed an ice beast
  4825 | D:5      | Killed an ice beast
  4826 | D:5      | Reached skill level 6 in Polearms
  5379 | D:6      | Noticed a sky beast
  5380 | D:6      | Noticed Eustachio
  5399 | D:6      | Killed Eustachio
  5400 | D:6      | Reached skill level 7 in Polearms
  5400 | D:6      | Your scales start taking on a glossy black colour.
  5400 | D:6      | Reached XP level 7. HP: 55/55 MP: 7/7
  5400 | D:6      | Gained mutation: You are resistant to electric shocks.
                  | (rElec) [Black Draconian growth]
  5448 | D:6      | Noticed Maggie
  5688 | D:6      | Noticed Dowan
  5689 | D:6      | Noticed Duvessa
  5878 | D:7      | Reached * piety under Dithmenos
  6118 | D:7      | Reached skill level 8 in Polearms
  6407 | D:7      | Noticed a gargoyle
  6441 | D:8      | Found Ydydeg's Magic Scroll Shop.
  6471 | D:7      | Reached skill level 9 in Polearms
  6471 | D:7      | Reached XP level 8. HP: 58/61 MP: 8/8
  6608 | D:7      | HP: 1/61 [gargoyle/stone arrow (14)]
  6609 | D:7      | Killed from afar by a gargoyle

Illustrated notes

Levels and vault maps discovered:
D:1:      mrwooster_arrival_statue, layout_loops_cross
D:2:      layout_basic, nicolae_vehumet_altar_sigil, lemuel_crystal_altar
D:3:      layout_loops_ring, lemuel_doored_altar,
          nicolae_overflow_quartered_altars
D:4:      layout_gridville, fountainhead, minmay_misc_feat_nine_boxes,
          chequers_serial_rivers_micro_c, st_stairs_11
D:5:      layout_loops_ring, kennysheep_mini, minmay_temple_entry_ruins,
          kennysheep_diamond
D:6:      layout_basic, lemuel_round_altar, serial_rivers,
          chequers_serial_rivers_small_a, chequers_serial_rivers_small_b,
          chequers_serial_rivers_large_b, chequers_serial_rivers_small_3,
          chequers_serial_rivers_micro_c, cheibrodos_sewer_entry_drain,
          uniq_maggie, uniq_eustachio, uniq_duvessa
D:7:      layout_loops_corners, nicolae_qazlal_scattered_showers,
          minmay_manual_mandibuliform
D:8:      layout_rooms, enter_ossuary_4, serial_shops, shop,
          minmay_increasing_density

Skill      XL: |  1  2  3  4  5  6  7 |
---------------+----------------------+-----
Polearms       | 4 5 7 9 |  9.4
Evocations     | 1 2 3 |  3.4
Fighting       | |  2.1
Throwing       | |  1.7
Dodging        | |  2.6

Action                   |  1- 3 |  4- 6 |  7- 9 || total
-------------------------+-------+-------+-------++-------
Melee: Trident           |    99 |   122 |   105 ||   326
       Tailslap          |    11 |    13 |    21 ||    45
Throw: Dart              |       |     3 |    28 ||    31
 Abil: Breathe Lightning |       |       |     2 ||     2
Evoke: Wand              |       |    12 |     1 ||    13
  Use: Potion            |     1 |     1 |     1 ||     3
       Scroll            |       |     6 |     5 ||    11
 Stab: Sleeping          |     2 |     2 |     1 ||     5
       Distracted        |       |     1 |       ||     1
Armor: Skin              |    33 |    25 |    35 ||    93
Dodge: Dodged            |    66 |    51 |    61 ||   178

Table legend: (Time is in decaauts)
 A = Elapsed time spent in this place.
 B = Non-inter-level travel time spent in this place.
 C = Inter-level travel time spent in this place.
 D = Time resting spent in this place.
 E = Time spent auto-exploring this place.
 F = Levels seen in this place.
 G = Mean time per level.
                   A        B        C        D        E       F      G
               +--------+--------+--------+--------+--------+-----+--------+
         Total |   6599 |   6347 |    252 |   1918 |   3310 |   8 |  824.9 |
       Dungeon |   6599 |   6347 |    252 |   1918 |   3310 |   8 |  824.9 |
               +--------+--------+--------+--------+--------+-----+--------+

Top non-repeatable levels by time:
     D:3: 1486 daAuts
     D:1: 1213 daAuts
     D:5: 1207 daAuts
     D:2: 1038 daAuts
     D:7: 885 daAuts
     D:4: 504 daAuts
     D:6: 247 daAuts
     D:8: 16 daAuts
